 Dungeon Crawl Stone Soup version 0.30-a0-553-g7fabdf1491 (webtiles) character file.

Game seed: 4774697970276028888

2 Armakuni the Charlatan (level 1, 0/13 HPs)
             Began as a Human Wanderer on Dec 26, 2022.
             Slain by a kobold
             ... wielding a +1 dagger of electrocution
              (2 damage)
             ... on level 1 of the Dungeon.
             The game lasted 00:00:47 (29 turns).

Armakuni the Charlatan (Human Wanderer)               Turns: 29, Time: 00:00:47

Health: 0/13       AC:  3    Str: 11    XL:     1   Next: 33%
Magic:  1/1        EV: 12    Int:  8    God:
Gold:   0          SH:  0    Dex: 17    Spells: 0/0 levels left

rFire   . . .      SeeInvis .    a - +0 sling
rCold   . . .      Faith    .    (no shield)
rNeg    . . .      Spirit   .    c - +0 leather armour
rPois   .          Reflect  .    (no helmet)
rElec   .          Harm     .    (no cloak)
rCorr   .          Rampage  .    (no gloves)
Will    .....                    (no boots)
Stlth   ++                       (no amulet)
HPRegen 0.22/turn                (no ring)
MPRegen 0.07/turn                (no ring)

@: no status effects
A: no striking features
a: no special abilities


You were on level 1 of the Dungeon.
You visited 1 branch of the dungeon, and saw 1 of its levels.

Inventory:

Hand Weapons
 a - a +0 sling (weapon)
Armour
 c - a +0 leather armour (worn)
Potions
 e - a potion of mutation
Miscellaneous
 d - a piece from Xom's chessboard (14/15)


   Skills:
 + Level 0.3 Fighting
 - Level 1.0 Ranged Weapons
 + Level 1.1 Armour
 - Level 3.0 Dodging
 - Level 1.0 Stealth
 - Level 1.0 Invocations
 - Level 3.0 Evocations


You couldn't memorise any spells.
You didn't know any spells.
Your spell library was empty.

Dungeon Overview and Level Annotations

Branches:
Dungeon (1/15)

Altars:


Message History

You shoot a sling bullet.
The sling bullet barely misses the kobold.
The kobold hits you but does no damage.
You shoot a sling bullet.
The sling bullet closely misses the kobold.
The kobold hits you but does no damage.
You shoot a sling bullet.
The sling bullet barely misses the kobold.
The kobold hits you but does no damage.
You are electrocuted!
Ouch! That really hurt!
* * * LOW HITPOINT WARNING * * *
You are too injured to fight recklessly!
You are too injured to fight recklessly!
Press: ? - help, v - describe, . - travel, g - get item
Here: a kobold, wielding a +1 dagger of electrocution and quivering stones Item here: a +0 dagger.
The floor.
Throw: 3 throwing nets
Press: ? - help, Q - select action, (/) - cycle Shift-Dir - straight line, f/p - kobold
Aim: a kobold, wielding a +1 dagger of electrocution and quivering stones (51% to hit)
You throw a throwing net.
The throwing net closely misses the kobold.
The kobold closely misses you.
Throw: 2 throwing nets
Press: ? - help, Q - select action, (/) - cycle Shift-Dir - straight line, f/p - kobold
Aim: a kobold, wielding a +1 dagger of electrocution and quivering stones (51% to hit)
You throw a throwing net.
The throwing net closely misses the kobold.
The kobold closely misses you.
Throw: throwing net
Press: ? - help, Q - select action, (/) - cycle Shift-Dir - straight line, f/p - kobold
Aim: a kobold, wielding a +1 dagger of electrocution and quivering stones (51% to hit)
You throw a throwing net.
The throwing net barely misses the kobold.
The kobold closely misses you.
Okay, then.
Unknown command.
You make a move on Xom's chessboard...
The kobold struggles to resist.
The kobold hits you with a +1 dagger of electrocution.
You die...

## ... ..# ..
.## ####.#
#...##
###.@K#
#...###...###
#.......##
###.<.###
#.......#
#...###...#
#(..## ##...#
.### ###.


You could see a kobold.

Vanquished Creatures
  A goblin (D:1)
  A bat (D:1)
2 creatures vanquished.

Notes
Turn   | Place    | Note
-------+----------+-------------------------------------------
     0 | D:1      | Armakuni the Human Wanderer began the quest for the Orb.
     0 | D:1      | Armakuni set off with the following items: a +0 sling, 3
                  | throwing nets, a +0 leather armour, a piece from Xom's
                  | chessboard (15/15), a potion of mutation.
     0 | D:1      | Reached XP level 1. HP: 13/13 MP: 1/1
    29 | D:1      | Slain by a kobold

Illustrated notes

Levels and vault maps discovered:
D:1:      dpeg_arrival_simpleton_a, layout_loops_ring, grunt_decor_cap

Action                   || total
-------------------------++-------
 Fire: Sling             ||    18
Throw: Throwing net      ||     3
Evoke: Piece from Xom's  ||     1
Armor: Leather armour    ||    10
Dodge: Dodged            ||    14

Table legend: (Time is in decaauts)
 A = Elapsed time spent in this place.
 B = Non-inter-level travel time spent in this place.
 C = Inter-level travel time spent in this place.
 D = Time resting spent in this place.
 E = Time spent auto-exploring this place.
 F = Levels seen in this place.
 G = Mean time per level.
                   A        B        C        D        E       F      G
               +--------+--------+--------+--------+--------+-----+--------+
         Total |     35 |     35 |      0 |      0 |      6 |   1 |   35.0 |
       Dungeon |     35 |     35 |      0 |      0 |      6 |   1 |   35.0 |
               +--------+--------+--------+--------+--------+-----+--------+

Top non-repeatable levels by time:
     D:1: 35 daAuts
